 Dungeon Crawl Stone Soup version 0.20.1-1-g8b1a95d (webtiles) character file.

17 vatarom the Ruffian (level 2, 18/18 HPs)
             Began as a Draconian Transmuter on Sept 5, 2017.
             Quit the game on level 1 of the Dungeon.
             The game lasted 00:01:38 (561 turns).

vatarom the Ruffian (Draconian Transmuter)           Turns: 561, Time: 00:01:39

Health: 18/18      AC:  5    Str: 14    XL:     2   Next: 44%
Magic:  5/5        EV: 12    Int: 13    God:
Gold:   10         SH:  0    Dex: 11    Spells: 2/5 levels left

rFire    . . .     SeeInvis .     - Unarmed
rCold    . . .     Gourm    .   (no shield)
rNeg     . . .     Faith    .   (armour unavailable)
rPois    .         Spirit   .   (helmet restricted)
rElec    .         Reflect  .   e - +0 cloak
rCorr    .         Harm     .   (no gloves)
MR       .....                  (no boots)
Stlth    +.........             (no amulet)
Regen    0.1/turn               (no ring)
MPRegen  0.1/turn               (no ring)

@: no status effects
A: unfitting armour, frail 2, strong 1, cold-blooded, AC +4
a: no special abilities


You were on level 1 of the Dungeon.
You were not hungry.

You visited 1 branch of the dungeon, and saw 1 of its levels.

You collected 10 gold pieces.

Inventory:

Missiles
 a - 12 arrows
Armour
 e - a +0 cloak (worn)
Books
 b - a book of Changes

   Spells                             Type                      Level
   a - Beastly Appendage              Transmutation                1
   b - Sticks to Snakes               Transmutation                2
   c - Spider Form                    Transmutation/Poison         3
   d - Ice Form                       Ice/Transmutation            4
   e - Blade Hands                    Transmutation                5
Comestibles
 c - a bread ration
 d - 2 chunks of flesh


   Skills:
 - Level 1.1 Fighting
 - Level 1.8 Dodging
 + Level 3.8 Unarmed Combat
 - Level 2.0 Spellcasting
 - Level 2.0 Transmutations


You had 2 spell levels left.
You knew the following spells:

 Your Spells              Type           Power        Failure   Level  Hunger
a - Beastly Appendage     Tmut           #.....       11%         1    ##.....
b - Sticks to Snakes      Tmut           #.......     17%         2    ###....


Dungeon Overview and Level Annotations

Branches:
Dungeon (1/15)

Altars:


Innate Abilities, Weirdness & Mutations

Your plain brown scales are hard. (AC +4)
You cannot fit into any form of body armour.
You are cold-blooded and may be slowed by cold attacks.
You are very frail. (-20% HP)
Your muscles are strong. (Str +2)


Message History

No target in view!
No target in view!
Memorise Sticks to Snakes, consuming 2 spell levels and leaving 2?
You start memorising the spell.
You continue memorising. x2
You finish memorising.
Spell assigned to 'b'.
Your horns disappear.
f - a fizzy blue potion A dart slug comes into view.
Found a scroll labeled XYOSA JIETZE.
It was a potion of mutation.
You feel extremely strange.
You feel frail. x2; You feel stronger.
A dart slug is nearby!
You hit the dart slug. You tail-slap the dart slug.
The dart slug is moderately wounded.
You hit the dart slug.
The dart slug is severely wounded.
The dart slug barely misses you.
You hit the dart slug.
The dart slug is almost dead.
Are you sure you want to abandon this character and quit the game? (Confirm with "yes".)

*,* *,,* *,* *,* #..* *,*
*,****#..# *,* *,,,,,#..# *,***
****#.#..# *,,,, ########.#..#
*,,,, #........#..#########
**,...
#........#..##......##****,,...
###..#####......@w......,,,,,,,..
#........#.#..##........,,,,,,,..
#.######.#.#..##.......#*.######.
#.#.....................,........
#.#.###.##.#####.....?.#*,**#....
#.#,,....#.#####.......##.###....
#.#####..#>.............,......#.
#...........#**####...#######..#.
#####.......# *####.....#....


You could see a dart slug.

Vanquished Creatures
  A dart slug (D:1)
  A giant cockroach (D:1)
  A goblin (D:1)
  2 hobgoblins (D:1)
  7 bats (D:1)
  2 frilled lizards (D:1)
  A rat (D:1)
15 creatures vanquished.

Notes
Turn   | Place    | Note
-------+----------+-------------------------------------------
     0 | D:1      | vatarom the Draconian Transmuter began the quest for the Orb.
     0 | D:1      | Reached XP level 1. HP: 16/16 MP: 3/3
   349 | D:1      | Reached XP level 2. HP: 23/23 MP: 5/5
   527 | D:1      | Learned a level 2 spell: Sticks to Snakes
   555 | D:1      | Gained mutation: You are frail. (-10% HP) [potion of mutation]
   555 | D:1      | Gained mutation: You are very frail. (-20% HP) [potion of mutation]
   555 | D:1      | Gained mutation: Your muscles are strong. (Str +2) [potion of mutation]
   561 | D:1      | Quit the game

Action                   || total
-------------------------++-------
Melee: Unarmed           ||    55
       Headbutt          ||     4
       Tailslap          ||     4
 Cast: Beastly Appendage ||     5
  Use: Scroll            ||     1
       Potion            ||     1
 Stab: Sleeping          ||     1
Armor: Skin              ||    25
Dodge: Dodged            ||    58
